 Dungeon Crawl Stone Soup version 0.22.1-1-ga44c0e5 (webtiles) character file.

191537 lysyklops the Tortoise (level 18, -3/122 HPs)
             Began as a Gargoyle Fighter on Oct 5, 2018.
             Was the Champion of Okawaru.
             Slain by a swamp worm (13 damage)
             ... on level 2 of the Swamp.
             The game lasted 01:18:47 (27728 turns).

lysyklops the Tortoise (Gargoyle Fighter)          Turns: 27728, Time: 01:18:47

Health: -3/122     AC: 40    Str: 28    XL:     18   Next: 20%
Magic:  26/26      EV: 10    Int: 11    God:    Okawaru [******]
Gold:   1917       SH: 17    Dex: 12    Spells: 17/17 levels left

rFire    + + +     SeeInvis .   R - +10 morningstar "Eos" {elec, Halo rElec}
rCold    . . .     Gourm    .   c - +2 shield of Okawaru's Outrage {Str+2}
rNeg     + . .     Faith    +   U - +2 fire dragon scales
rPois    ∞         Spirit   .   V - +2 hat
rElec    +         Reflect  .   s - +1 cloak {MR+}
rCorr    .         Harm     .   h - +2 pair of gloves {Dex+3}
MR       ++...                  Q - +1 pair of boots {run}
Stlth    ..........             K - amulet of faith
HPRegen  0.30/turn              u - ring of protection from cold
MPRegen  0.20/turn              N - ring of protection from fire

@: flying, glowing, quick
A: big wings, negative energy resistance 1, electricity resistance, unbreathing,
petrification resistance, rot immunity, AC +13
}: 1/15 runes: serpentine
a: Stop Flying, Heroism, Finesse, Renounce Religion


You were on level 2 of the Swamp.
You worshipped Okawaru.
Okawaru was exalted by your worship.
You were very hungry.

You visited 4 branches of the dungeon, and saw 23 of its levels.

You collected 1917 gold pieces.

Inventory:

Hand Weapons
 R - the +10 morningstar "Eos" (weapon) {elec, Halo rElec}
   (Okawaru gifted it to you on level 9 of the Dungeon)

   Occasionally, upon striking a foe, it will discharge some electrical energy
   and cause terrible harm.
   It insulates you from electricity.
Armour
 c - the +2 shield of Okawaru's Outrage (worn) {Str+2}
   (Okawaru gifted it to you on level 4 of the Snake Pit)

   It affects your strength (+2).
 h - a +2 pair of gloves of dexterity (worn)
 s - a +1 cloak of magic resistance (worn)
 Q - a +1 pair of boots of running (worn)
 U - +2 fire dragon scales (worn)
 V - a +2 hat (worn)
Jewellery
 g - an uncursed ring of protection from cold
 u - a ring of protection from cold (left hand)
 H - an uncursed ring of positive energy
 I - the ring "Pyecved" {rN+ MR+}
   (You found it on level 6 of the Dungeon)

   [ring of positive energy]

   It protects you from negative energy.
   It affects your resistance to hostile enchantments.
 J - a +3 ring of evasion
 K - an amulet of faith (around neck)
 L - an uncursed ring of fire
 N - a ring of protection from fire (right hand)
 W - an uncursed amulet of the gourmand {unknown}
Wands
 a - a wand of flame (35)
 j - a wand of paralysis (16)
 E - a wand of iceblast (21)
 G - a wand of disintegration (6)
 P - a wand of random effects (12)
 S - a wand of digging (10)
 T - a wand of polymorph (37)
 Y - a wand of scattershot (5)
 Z - a wand of acid (8)
Scrolls
 b - 2 scrolls of brand weapon
 l - 4 scrolls of magic mapping
 m - 2 scrolls of summoning
 n - 5 scrolls of fear
 o - 2 scrolls of immolation
 t - 10 scrolls of amnesia
 v - 13 scrolls of remove curse
 w - 3 scrolls of fog
 y - a scroll of enchant weapon
 A - 14 scrolls of teleportation
 F - 2 scrolls of vulnerability
Potions
 d - 3 potions of might
 e - 2 potions of berserk rage
 i - 8 potions of brilliance
 k - 2 potions of magic
 p - a potion of heal wounds
 q - 6 potions of ambrosia
 r - 3 potions of resistance
 x - 8 potions of curing
 z - 2 potions of haste
 C - a potion of mutation
 D - 4 potions of agility
 M - 3 potions of flight
 O - a potion of cancellation
 X - 2 potions of lignification
Comestibles
 f - 36 rations


   Skills:
 + Level 16.5 Fighting
 + Level 15.2 Maces & Flails
 + Level 16.5 Armour
 + Level 16.1 Shields
 - Level 11.9 Invocations


You had 17 spell levels left.
You didn't know any spells.
Your spell library contained the following spells:

 Spells                   Type           Power        Failure   Level  Hunger
 Beastly Appendage        Tmut           #.....       54%         1    ##.....
 Corona                   Hex            #......      54%         1    ##.....
 Sting                    Conj/Pois      #...         54%         1    ##.....
 Summon Butterflies       Summ           #.......     54%         1    ##.....
 Ensorcelled Hibernation  Hex/Ice        #.....       69%         2    ###....
 Poisonous Vapours        Pois/Air       #.....       69%         2    ###....
 Sticks to Snakes         Tmut           #.......     69%         2    ###....
 Call Canine Familiar     Summ           #.......     89%         3    ####...
 Confuse                  Hex            #.......     89%         3    ####...
 Dazzling Spray           Conj/Hex       #.....       89%         3    ####...
 Mephitic Cloud           Conj/Pois/Air  #.......     89%         3    ####...
 Spider Form              Tmut/Pois      #.........   89%         3    ####...
 Tukima's Dance           Hex            #.......     89%         3    ####...
 Ice Form                 Ice/Tmut       #.......     100%        4    #####..
 Olgreb's Toxic Radiance  Pois           #.......     100%        4    #####..
 Summon Ice Beast         Ice/Summ       #.......     100%        4    #####..
 Blade Hands              Tmut           #.........   100%        5    ######.
 Bolt of Magma            Conj/Fire/Erth #.........   100%        5    ######.
 Iskenderun's Battlesphe  Conj/Chrm      #.......     100%        5    ######.
 Summon Mana Viper        Hex/Summ       #.......     100%        5    ######.
 Venom Bolt               Conj/Pois      #.........   100%        5    ######.
 Iron Shot                Conj/Erth      #.........   100%        6    #######
 Orb of Destruction       Conj           #.........   100%        7    #######
 Spellforged Servitor     Conj/Summ      #.........   100%        7    #######
 Summon Hydra             Summ           #.........   100%        7    #######


Dungeon Overview and Level Annotations

Branches:
Dungeon (11/15)            Temple (0/1) D:4            Lair (6/6) D:9
  Swamp (2/4) Lair:3        Snake (4/4) Lair:2        Slime (0/5) Lair:5
    Orc: D:9-12

Altars:
Ashenzari
Dithmenos
Elyvilon
Okawaru
Ru
Sif Muna
Uskayaw
Xom
Yredelemnul
Jiyva

Shops:
D:8 (

Annotations:
D:4 1 runed door, SaintRoka's ghost, amateur GnWz
Lair:5 exclusion: 2 oklob plants


Innate Abilities, Weirdness & Mutations

You are resistant to torment.
Your stone body is resilient. (AC +13)
You are immune to poison.
Your large and strong wings let you fly indefinitely.
You resist negative energy. (rN+)
You are resistant to electric shocks. (rElec)
You can survive without breathing.
You are immune to petrification.
You are immune to rotting.


Message History

The harpoon shot hits you!
The swamp worm throws harpoon shot at you.
You block the harpoon shot.
The swamp worm throws harpoon shot at you.
The harpoon shot hits you!
* * * LOW HITPOINT WARNING * * *
You are yanked forward by the harpoon shot.
The swamp worm throws harpoon shot at you.
You block the harpoon shot.
The swamp worm throws harpoon shot at you.
The harpoon shot hits you!
* * * LOW HITPOINT WARNING * * *
You are yanked forward by the harpoon shot.
You block the swamp worm's attack.
The swamp worm throws harpoon shot at you.
The harpoon shot hits you!
* * * LOW HITPOINT WARNING * * *
You are yanked forward by the harpoon shot.
The swamp worm bites you!
You die...

..##..≈≈≈≈≈...... ♣.≈.♣
.##...≈≈≈≈≈≈.≈<≈≈ ♣♣♣♣♣
#......≈≈≈≈.≈♣≈≈≈
...≈.≈≈≈≈≈≈≈≈♣♣≈♣ ♣♣♣♣
..≈≈≈≈≈≈≈....♣♣♣♣ ♣♣...♣
^≈≈≈.≈.....≈≈w♣♣♣♣♣.≈≈.♣♣ ≈
......♣♣≈.≈≈≈...≈..≈≈≈.≈♣ ≈≈
≈.≈≈≈.≈♣♣..≈≈.§.♣§≈≈...♣ ≈≈≈
≈..≈≈..♣♣..≈≈.≈v@w≈≈..≈♣ ≈≈≈≈
≈≈≈..≈≈≈♣♣.≈≈≈≈≈w≈≈≈..♣♣♣.≈≈≈≈
.≈≈...≈≈≈..≈≈≈.♣≈.J..♣♣≈...≈§.
...^.≈≈≈≈..≈≈.>≈≈.§J.≈†......♣
≈≈...≈≈≈≈....♣♣♣♣.≈≈.≈♣≈.≈≈≈≈.
♣♣≈...≈≈...≈.♣ ♣♣..♣♣♣≈.≈≈≈≈♣
♣≈♣≈....<... ♣♣♣♣ ..≈≈≈..
♣♣♣≈≈...≈≈≈♣ ≈≈≈≈... ♣♣.≈≈≈.≈≈
≈≈≈≈§.≈


You could see a tyrant leech, a large slime creature, a slime creature, 2 swamp
worms and an insubstantial wisp.

Vanquished Creatures
  Frances (Swamp:1)
  Gastronok (Lair:1)
  Kirke (Snake:3)
  9 nagarajas
  3 fire dragons
  Harold (D:9)
  Fannar (Lair:1)
  8 hydras
  A ghost crab (Swamp:2)
  20 naga warriors
  A catoblepas (Lair:5)
  11 anacondas
  5 alligators
  14 death yaks
  Sonja (D:10)
  12 shock serpents
  11 naga sharpshooters
  2 salamander mystics
  2 swamp dragons
  2 shambling mangroves
  12 naga ritualists
  2 lindwurms (Lair:6)
  14 mana vipers
  An oklob plant (Lair:3)
  9 salamanders
  Joseph (D:10)
  14 elephants
  41 black mambas
  5 torpor snails (Lair:6)
  10 guardian serpents
  13 spiny frogs
  21 naga magi
  12 komodo dragons
  14 rime drakes
  A troll (D:9)
  A polar bear (Lair:3)
  2 bog bodies
  8 tyrant leeches
  18 blink frogs
  Grinder (D:5)
  18 hornets
  11 slime creatures (Swamp:1)
  12 dream sheep
  9 hippogriffs
  Sigmund (D:3)
  16 spriggans
  A shadow (Swamp:2)
  8 redbacks (Snake:2)
  2 wyverns
  Grum (D:9)
  7 hogs
  41 yaks
  A basilisk (Lair:1)
  17 vampire mosquitoes
  6 steam dragons
  A human (D:7)
  13 insubstantial wisps
  6 swamp worms
  An acid dragon (Lair:6)
  48 nagas
  14 water moccasins
  9 porcupines
  5 sky beasts
  An orc warrior (D:5)
  4 phantoms
  3 swamp drakes
  3 ice beasts
  7 ogres
  3 boggarts (Lair:3)
  A necrophage (D:6)
  13 wolves
  4 centaurs
  9 crocodiles
  3 big kobolds
  14 bullfrogs
  2 scorpions
  A water moccasin skeleton (D:9)
  10 killer bees
  8 wights (D:8)
  5 electric eels
  2 howler monkeys
  4 bullfrog zombies
  2 crimson imps
  3 centaur zombies
  2 quasits
  4 orc priests
  A jelly (D:7)
  10 orc wizards
  Crazy Yiuf (D:3)
  2 centaur skeletons (D:4)
  6 hounds
  2 iguanas
  A bullfrog skeleton (D:5)
  Natasha (thrice) (D:2)
  8 worker ants
  2 killer bee zombies (D:8)
  A hound zombie (D:5)
  A worker ant zombie (D:7)
  4 gnolls (D:9)
  7 adders
  3 shadow imps
  An ooze (D:3)
  An adder zombie (D:8)
  An adder skeleton (D:7)
  2 worms
  4 leopard geckos
  22 orcs
  3 bats
  2 giant cockroaches
  9 goblins
  9 hobgoblins
  8 jackals (D:3)
  4 quokkas
  A ball python (Snake:1)
  5 frilled lizards
  18 kobolds
  2 quokka skeletons
  8 rats
  A fungus (D:5)
  2 plants
818 creatures vanquished.

Vanquished Creatures (collateral kills)
  A fungus (Lair:4)
1 creature vanquished.

Vanquished Creatures (others)
  A naga warrior (Snake:4)
  A rime drake (Lair:4)
  An insubstantial wisp (Swamp:2)
  4 adders
  4 fungi
  10 plants
21 creatures vanquished.

Grand Total: 840 creatures vanquished

Notes
Turn   | Place    | Note
-------+----------+-------------------------------------------
     0 | D:1      | lysyklops the Gargoyle Fighter began the quest for the Orb.
     0 | D:1      | Reached XP level 1. HP: 14/14 MP: 1/1
    64 | D:1      | Found an iron altar of Okawaru.
    72 | D:1      | Became a worshipper of Warmaster Okawaru
   229 | D:1      | Reached XP level 2. HP: 19/19 MP: 2/2
   773 | D:2      | Found a hide-covered altar of Uskayaw.
   868 | D:2      | Reached XP level 3. HP: 24/24 MP: 3/3
  1124 | D:2      | Found a faded altar of an unknown god.
  1124 | D:2      | Noticed Natasha
  1132 | D:2      | Killed Natasha
  1132 | D:2      | Reached XP level 4. HP: 22/29 MP: 4/4
  1232 | D:2      | Noticed Natasha
  1249 | D:2      | Killed Natasha
  1254 | D:2      | Noticed Natasha
  1272 | D:2      | HP: 1/29 [Natasha (3)]
  1273 | D:2      | Killed Natasha
  1676 | D:2      | Reached XP level 5. HP: 33/33 MP: 5/5
  2326 | D:3      | Reached XP level 6. HP: 39/39 MP: 6/6
  2343 | D:3      | Reached * piety under Okawaru
  2671 | D:3      | Found a runed door.
  2675 | D:3      | Noticed Crazy Yiuf
  2688 | D:3      | Killed Crazy Yiuf
  2688 | D:3      | Reached skill level 5 in Fighting
  2987 | D:3      | Reached skill level 5 in Shields
  3068 | D:3      | Found a basalt altar of Yredelemnul.
  3167 | D:3      | Noticed Sigmund
  3171 | D:3      | Killed Sigmund
  3171 | D:3      | Reached skill level 5 in Armour
  3171 | D:3      | Reached XP level 7. HP: 44/44 MP: 7/7
  3404 | D:4      | Found a runed door.
  3404 | D:4      | Noticed SaintRoka's ghost (amateur GnWz)
  3489 | D:4      | Reached ** piety under Okawaru
  3625 | D:4      | Found a staircase to the Ecumenical Temple.
  3895 | D:4      | Reached XP level 8. HP: 51/51 MP: 8/8
  3928 | D:4      | Found a white marble altar of Elyvilon.
  4026 | D:5      | Entered Level 5 of the Dungeon
  4235 | D:5      | Reached skill level 5 in Maces & Flails
  4346 | D:5      | Noticed Grinder
  4364 | D:5      | Paralysed by Grinder for 6 turns
  4373 | D:5      | Killed Grinder
  4548 | D:5      | Reached *** piety under Okawaru
  4761 | D:5      | Reached XP level 9. HP: 32/56 MP: 9/9
  5294 | D:6      | Found a shimmering altar of Xom.
  5527 | D:6      | Got a vibrating jade ring
  5830 | D:7      | Identified the ring "Pyecved" {rN+ MR+} (You found it on
                  | level 6 of the Dungeon)
  5978 | D:7      | Reached **** piety under Okawaru
  6138 | D:7      | Reached XP level 10. HP: 55/64 MP: 10/10
  6475 | D:7      | Reached skill level 1 in Invocations
  6561 | D:7      | Reached ***** piety under Okawaru
  6759 | D:7      | Received a gift from Okawaru
  7092 | D:8      | Found Vavvurch's Antique Weapon Shoppe.
  7813 | D:9      | Received a gift from Okawaru
  7827 | D:9      | Identified a +1 pair of boots of running (Okawaru gifted it
                  | to you on level 9 of the Dungeon)
  7868 | D:9      | Noticed a death yak
  7869 | D:9      | Noticed a death yak
  7870 | D:9      | Noticed a death yak
  7870 | D:9      | Noticed Harold
  8019 | D:9      | Noticed a death yak
  8021 | D:9      | Noticed a death yak
  8036 | D:9      | Killed Harold
  8036 | D:9      | Reached XP level 11. HP: 39/71 MP: 12/14
  8295 | D:8      | Killed a death yak
  8569 | D:8      | Killed a death yak
  8586 | D:8      | Killed a death yak
  8819 | D:9      | Killed a death yak
  8819 | D:9      | Reached skill level 5 in Invocations
  8833 | D:9      | Killed a death yak
  8833 | D:9      | Reached skill level 10 in Fighting
  8833 | D:9      | Reached skill level 10 in Armour
  8862 | D:9      | Reached skill level 10 in Shields
  8869 | D:9      | Received a gift from Okawaru
  8870 | D:9      | Found the +10 morningstar "Eos" {elec, Halo rElec}
  9027 | D:9      | Found a staircase to the Lair.
  9081 | D:9      | Found a deep blue altar of Sif Muna.
  9361 | D:9      | Noticed Grum
  9387 | D:9      | Killed Grum
  9538 | D:9      | Found a shadowy altar of Dithmenos.
  9725 | D:9      | Found a shattered altar of Ashenzari.
  9894 | D:10     | Entered Level 10 of the Dungeon
  9931 | D:10     | Found a sacrificial altar of Ru.
 10005 | D:10     | Received a gift from Okawaru
 10127 | D:10     | Reached XP level 12. HP: 78/78 MP: 16/16
 10190 | D:10     | Noticed Sonja
 10195 | D:10     | Killed Sonja
 10335 | D:10     | Noticed Joseph
 10341 | D:10     | Killed Joseph
 10609 | Lair:1   | Entered Level 1 of the Lair of Beasts
 10619 | Lair:1   | Noticed Gastronok
 10646 | Lair:1   | Killed Gastronok
 10646 | Lair:1   | Reached ****** piety under Okawaru
 11042 | Lair:1   | Noticed Fannar
 11053 | Lair:1   | Killed Fannar
 11053 | Lair:1   | Reached skill level 10 in Maces & Flails
 11270 | Lair:1   | Noticed a four-headed hydra
 11278 | Lair:1   | Killed a four-headed hydra
 11278 | Lair:1   | Received a gift from Okawaru
 12009 | Lair:2   | Found a staircase to the Snake Pit.
 12159 | Lair:2   | Reached XP level 13. HP: 84/84 MP: 19/19
 12630 | Lair:3   | Received a gift from Okawaru
 13262 | Lair:3   | Received a gift from Okawaru
 13419 | Lair:3   | Got a crude ring mail {god gift}
 13430 | Lair:3   | Identified the +3 ring mail of Qyural {Int+6} (Okawaru
                  | gifted it to you on level 3 of the Lair of Beasts)
 13612 | Lair:3   | Found a staircase to the Swamp.
 14537 | Lair:4   | Noticed a fire dragon
 14907 | Lair:4   | Killed a fire dragon
 15123 | Lair:4   | Received a gift from Okawaru
 15373 | Lair:5   | Gained mutation: Your large and strong wings let you fly
                  | indefinitely. [Gargoyle growth]
 15373 | Lair:5   | Reached XP level 14. HP: 92/92 MP: 21/21
 15524 | Lair:4   | Received a gift from Okawaru
 15802 | Lair:5   | Reached skill level 10 in Invocations
 16553 | Lair:5   | Found a viscous altar of Jiyva.
 16553 | Lair:5   | Found a staircase to the Slime Pits.
 16720 | Lair:6   | Entered Level 6 of the Lair of Beasts
 16738 | Lair:6   | Received a gift from Okawaru
 17051 | Lair:6   | Found a runed door.
 17060 | Lair:6   | Received a gift from Okawaru
 17520 | Lair:6   | Received a gift from Okawaru
 17520 | Lair:6   | Reached XP level 15. HP: 23/99 MP: 23/23
 17538 | Lair:6   | HP: 4/99 [yak (3)]
 19033 | Snake:1  | Entered Level 1 of the Snake Pit
 19108 | Snake:1  | Received a gift from Okawaru
 19617 | Snake:1  | Received a gift from Okawaru
 20106 | Snake:1  | Received a gift from Okawaru
 20109 | Snake:1  | Got a heavily runed chain mail {god gift}
 20120 | Snake:1  | Identified the +0 chain mail "Umneurgh" {rPois MP+9}
                  | (Okawaru gifted it to you on level 1 of the Snake Pit)
 20132 | Snake:1  | Identified a scroll of acquirement
 20945 | Snake:2  | Noticed a nagaraja
 20957 | Snake:2  | Killed a nagaraja
 20957 | Snake:2  | Reached XP level 16. HP: 105/106 MP: 24/24
 21569 | Snake:2  | You are sucked into a shaft!
 21569 | Snake:3  | Noticed Kirke
 21677 | Snake:3  | HP: 5/107 [shock serpent (3)]
 21868 | Snake:3  | Received a gift from Okawaru
 21988 | Snake:3  | Killed Kirke
 22628 | Snake:4  | Entered Level 4 of the Snake Pit
 22628 | Snake:4  | Noticed a nagaraja
 22635 | Snake:4  | Killed a nagaraja
 22650 | Snake:4  | Reached skill level 15 in Armour
 22794 | Snake:4  | Reached skill level 15 in Fighting
 22794 | Snake:4  | Reached skill level 15 in Shields
 22817 | Snake:4  | Received a gift from Okawaru
 23519 | Snake:4  | Reached XP level 17. HP: 113/113 MP: 25/25
 24070 | Snake:4  | Received a gift from Okawaru
 24129 | Snake:4  | Got a steaming great mace {god gift}
 24136 | Snake:4  | Identified the +6 great mace of the Two Names {crush,
                  | +Blink Dex+5} (Okawaru gifted it to you on level 4 of the
                  | Snake Pit)
 25010 | Snake:4  | Received a gift from Okawaru
 25049 | Snake:4  | Got a brightly glowing shield {god gift}
 25500 | Snake:4  | Got a serpentine rune of Zot
 26222 | Snake:4  | Identified the +2 shield of Okawaru's Outrage {Str+2}
                  | (Okawaru gifted it to you on level 4 of the Snake Pit)
 26340 | Swamp:1  | Entered Level 1 of the Swamp
 26630 | Swamp:1  | Noticed Frances
 26656 | Swamp:1  | Killed Frances
 26656 | Swamp:1  | Reached skill level 15 in Maces & Flails
 26860 | Swamp:1  | Reached XP level 18. HP: 121/121 MP: 26/26
 26880 | Swamp:1  | Received a gift from Okawaru
 27192 | Swamp:1  | You are sucked into a shaft!
 27728 | Swamp:2  | Slain by a swamp worm

Skill      XL: |  1  2  3  4  5  6  7  8  9 10 11 12 13 14 15 16 17 18 |
---------------+-------------------------------------------------------+-----
Fighting       | 4 5 6 8 9 10 11 12 13 14 15 16 | 16.5
Armour         | 4 5 6 8 9 10 11 12 13 14 15 16 | 16.5
Shields        | 4 5 6 8 9 10 11 12 13 14 15 16 | 16.1
Maces & Flails | 3 4 5 7 8 9 10 11 12 13 14 15 | 15.2
Invocations    | 4 6 8 9 10 11 | 11.9

Action                   |  1- 3 |  4- 6 |  7- 9 | 10-12 | 13-15 | 16-18 || total
-------------------------+-------+-------+-------+-------+-------+-------++-------
Melee: Flail             |    86 |   257 |   436 |   628 |       |       ||  1407
       Morningstar       |       |       |       |   217 |   949 |   788 ||  1954
       Great mace        |       |       |       |       |       |   212 ||   212
Invok: Heroism           |       |       |       |     2 |       |       ||     2
       Finesse           |       |       |       |       |       |     1 ||     1
 Abil: Fly               |       |       |       |       |     1 |       ||     1
       Evoke Blink       |       |       |       |       |       |     1 ||     1
  Use: Potion            |       |     1 |     3 |       |     1 |       ||     5
       Scroll            |       |       |     3 |    15 |    14 |     5 ||    37
  Eat: Ration            |       |     1 |       |     2 |     5 |     5 ||    13
       Chunk             |       |     4 |    11 |    13 |    12 |     3 ||    43
Armor: Scale mail        |    44 |   133 |    82 |       |       |       ||   259
       Plate armour      |       |       |   183 |   486 |   178 |       ||   847
       Fire dragon scale |       |       |       |       |   435 |   630 ||  1065
Dodge: Dodged            |    20 |    77 |   137 |   266 |   271 |   378 ||  1149
Block: Shield            |    35 |   137 |   217 |   539 |   640 |   670 ||  2238
